 Dungeon Crawl Stone Soup version 0.30-a0-728-gc68057be0a (webtiles) character file.

Game seed: 17841473407047217337

56 Dittersdorf the Shield-Bearer (level 3, -2/24 HPs)
             Began as a Gargoyle Fighter on Jan 31, 2023.
             Slain by Terence
             ... wielding a +0 flail
              (7 damage)
             ... on level 2 of the Dungeon.
             The game lasted 00:01:18 (1375 turns).

Dittersdorf the Shield-Bearer (Gargoyle Fighter)    Turns: 1375, Time: 00:01:19

Health: -2/24      AC: 10    Str: 21    XL:     3   Next: 95%
Magic:  3/3        EV:  9    Int:  8    God:
Gold:   80         SH:  4    Dex:  9    Spells: 2/2 levels left

rFire   . . .      SeeInvis .    a - +0 flail
rCold   . . .      Faith    .    c - +0 buckler
rNeg    + . .      Spirit   .    b - +0 scale mail
rPois   ∞          Reflect  .    (no helmet)
rElec   +          Harm     .    (no cloak)
rCorr   .          Rampage  .    (no gloves)
Will    .....                    (no boots) Stlth
                                 (no amulet)
HPRegen 0.24/turn                (no ring)
MPRegen 0.08/turn                (no ring)

@: no status effects
A: sickness immunity, AC +3, negative energy resistance 1, electricity
resistance, torment resistance 1, petrification resistance
a: no special abilities


You were on level 2 of the Dungeon.
You visited 1 branch of the dungeon, and saw 2 of its levels.

You collected 80 gold pieces.

Inventory:

Hand Weapons
 a - a +0 flail (weapon)
Missiles
 i - 4 poisoned darts (quivered)
Armour
 b - a +0 scale mail (worn)
 c - a +0 buckler (worn)
Scrolls
 f - 2 scrolls of teleportation {unknown}
 g - a scroll of identify {unknown}
 j - a scroll of enchant armour {unknown}
 l - a scroll of enchant weapon {unknown}
Potions
 d - a potion of might
 e - a potion of degeneration {unknown}
 h - a potion of heal wounds {unknown}
 k - a potion of invisibility


   Skills:
 + Level 3.8 Fighting
 + Level 2.6 Maces & Flails
 + Level 3.8 Armour
 + Level 3.8 Shields


You had 2 spell levels left.
You didn't know any spells.
Your spell library contained the following spells:

 Spells                   Type           Power      Damage    Failure   Level
 Foxfire                  Conj/Fire      0%         2x1d4     83%         1
 Wereblood                Tmut           0%         N/A       92%         2
 Summon Hydra             Summ           0%         N/A       100%        7
 Sublimation of Blood     Necr           Unusable   N/A       N/A         2

Dungeon Overview and Level Annotations

Branches:
Dungeon (2/15)

Altars:

Shops:
D:2 *

Annotations:
D:2 Terence


Innate Abilities, Weirdness & Mutations

You are immune to sickness and miasma.
Your stone body is resilient. (AC +3)
You are immune to poison.
You resist negative energy. (rN+)
You are resistant to electric shocks. (rElec)
You are resistant to unholy torment.
You are immune to petrification.


Message History

No target in view!
No target in view!
No target in view!
No target in view!
No target in view!
No target in view!
No target in view!
No target in view!
No target in view!
No target in view!
No target in view!
No target in view!
No target in view!
No target in view!
No target in view!
No target in view!
No target in view!
No target in view!
No target in view!
You closely miss something. Something hits you.
You barely miss something. You block something's attack.
You barely miss something. You block something's attack.
Something hits you but does no damage.
You sock something! Something hits you.
You closely miss something. Something hits you.
You closely miss something. Something hits you but does no damage.
Something hits you. You block something's attack.
Something hits you but does no damage. Something hits you. Something hits you.
Something hits you but does no damage. Something hits you.
* * * LOW HITPOINT WARNING * * *
Something hits you.
* * * LOW HITPOINT WARNING * * *
Something hits you but does no damage. Something hits you but does no damage.
Something hits you!
You die...

### #........# #
####.##### . #.## .#
#+# #..# .# #.# ##.#
## #.# #.# ##.####
#.#
##.....########.#
####............@..#
#..........#########
#.####.....# ..#
#....## ### #.####
#.# #.# #.# #.#


There were no monsters in sight!

Vanquished Creatures
  Natasha (D:2)
  2 dart slugs
  4 endoplasms (D:1)
  2 giant cockroaches (D:1)
  4 goblins
  2 hobgoblins (D:1)
  2 quokkas (D:1)
  2 ball pythons (D:1)
  2 frilled lizards (D:1)
  3 rats
24 creatures vanquished.

Vanquished Creatures (others)
  2 plants (D:2)
2 creatures vanquished.

Grand Total: 26 creatures vanquished

Notes
Turn   | Place    | Note
-------+----------+-------------------------------------------
     0 | D:1      | Dittersdorf the Gargoyle Fighter began the quest for the
                  | Orb.
     0 | D:1      | Reached XP level 1. HP: 14/14 MP: 1/1
   222 | D:1      | Reached XP level 2. HP: 19/19 MP: 2/2
   926 | D:1      | You fall into a shaft and drop 1 floor!
   927 | D:2      | yay!
   931 | D:2      | Noticed Natasha
   941 | D:2      | Killed Natasha
   942 | D:2      | Reached XP level 3. HP: 20/24 MP: 3/3
  1026 | D:1      | Found a faded altar of an unknown god.
  1056 | D:1      | Got Plato's Parchment of Outbursts
  1322 | D:2      | Found Ecluem's Assorted Antiques.
  1340 | D:2      | Noticed Terence
  1375 | D:2      | Slain by Terence

Illustrated notes

+........
.......
.<....
.....
##...####
....(..
#...#
#.@.#
#...#
.......
#......###
#.#....#
#.##.... .
...## #
####


Turn 927 on D:2: yay!

Levels and vault maps discovered:
D:1:      dpeg_arrival_orchard, layout_basic,
          shapermc_ecumenical_altar_rom_forum, chequers_avenue
D:2:      layout_loops_corners, serial_shops, nicolae_shop_overgrown_old_shop,
          guppyfry_early_lair_pool, uniq_natasha, uniq_terence

Action                     || total
---------------------------++-------
  Melee: Flail             ||    95
 Armour: Scale mail        ||    60
  Dodge: Dodged            ||    35
  Block: Buckler           ||    21

Table legend: (Time is in decaauts)
 A = Elapsed time spent in this place.
 B = Non-inter-level travel time spent in this place.
 C = Inter-level travel time spent in this place.
 D = Time resting spent in this place.
 E = Time spent auto-exploring this place.
 F = Levels seen in this place.
 G = Mean time per level.
                   A        B        C        D        E       F      G
               +--------+--------+--------+--------+--------+-----+--------+
         Total |   1405 |   1385 |     20 |     63 |   1076 |   2 |  702.5 |
       Dungeon |   1405 |   1385 |     20 |     63 |   1076 |   2 |  702.5 |
               +--------+--------+--------+--------+--------+-----+--------+

Top non-repeatable levels by time:
     D:1: 1173 daAuts
     D:2: 232 daAuts
